AoeStats
← perpetualsigh

Arabia

509212244Analyzed
1v1 RM · 5d ago on Sep 25, 2026· 49m 24s· 2 players
Game mode
Random Map
Map size
Tiny (2 player)
Population
200
Speed
Normal
Resources
Standard
Victory
Conquest
Starting age
Dark Age
Ending age
Imperial Age
RankedLock teamsTeams togetherTeam positionsShared explorationLock speedFull tech treeHidden civsTurbo modeCheats
Victory
Defeat
🇬🇧 Danes · United Kingdom
822
+34
🇨🇱 Wei · Chile
772
-14
sj
7:23 Loom
11:23 Feudal Age
12:37 Double-Bit Axe
21:39 Castle Age
20:09 Horse Collar
21:08 Gold Mining
22:32 Town Watch
23:52 Wheelbarrow
23:29 Bow Saw
24:02 Scale Barding Armor
24:49 Husbandry
26:19 Fervor
26:48 Hand Cart
26:41 Heavy Plow
29:17 Town Patrol
29:59 Sanctity
30:07 Stone Mining
31:55 Gold Shaft Mining
33:49 Fletching
34:53 Treadmill Crane
36:11 Murder Holes
36:27 Bodkin Arrow
36:45 Masonry
40:00 Imperial Age
44:01 Elite Tiger Cavalry
47:12 Conscription
47:19 Chain Barding Armor
48:36 Bloodlines
49:32 Ming Guang Armor
49:42 Forging
perpetualsigh
6:06 Loom
9:29 Feudal Age
10:21 Double-Bit Axe
10:11 Man-at-Arms
16:07 Arson
16:16 Horse Collar
20:00 Wheelbarrow
20:07 Wheelbarrow
22:33 Castle Age
21:11 Fletching
21:24 Scale Mail Armor
21:36 Forging
23:00 Gold Mining
26:28 Bow Saw
28:29 Pikeman
33:13 Chain Mail Armor
33:34 Iron Casting
34:19 Bodkin Arrow
36:26 Ballistics
40:05 Imperial Age
43:16 Plate Mail Armor
43:47 Blast Furnace
44:59 Elite Jomsviking
49:21 Hamask
Connection lost

Rejoining the realm…

Still unreachable

The connection could not be restored.

Session expired

The server has moved on; the page needs a fresh start.